AAA
LYNN PATRIOTS @ MOSCOW MULES
05/30/2060
 
TOP OF THE 1ST
Lynn Patriots batting - Pitching for Moscow Mules : RHP Rashaan Loomans
Pitching: RHP Rashaan Loomans
Batting: LHB Shan Waseem 0-0: Ball
1-0: Ball
2-0: Called Strike
2-1: Ball
3-1: Foul Ball, location: 2F
3-2: SINGLE (Groundball, 6M, EV 101.9 MPH)
Batting: LHB Neal McDonald 0-0: SINGLE (Groundball, 34S, EV 70.6 MPH) (infield hit)
Shan Waseem to second
Batting: RHB Isaac Murphy 0-0: Ball
1-0: Ball
2-0: Ball
3-0: Called Strike
3-1: Foul Ball, location: 2F
3-2: Base on Balls
Shan Waseem to third
Neal McDonald to second
Batting: LHB Brandt Bagishaev 0-0: Ball
1-0: Called Strike
1-1: SINGLE (Flyball, 7LS, EV 95.6 MPH)
Shan Waseem scores
Neal McDonald to third
Isaac Murphy to second
Batting: SHB J.J. Evans 0-0: Called Strike
0-1: Ball
1-1: Fly out, F8 (Flyball, 89M, EV 90.0 MPH)
Runner from 3rd tags up, SCORES, no throw by CF
Batting: LHB Rashaun Harrington 0-0: Swinging Strike
0-1: Swinging Strike
0-2: Ball
1-2: Strikes out looking
Batting: RHB Malik Donnell 0-0: Called Strike
0-1: Fly out, F8 (Flyball, 89D, EV 94.4 MPH)
Top of the 1st over - 2 runs, 3 hits, 0 errors, 2 left on base; Lynn 2 - Moscow 0
BOTTOM OF THE 1ST
Moscow Mules batting - Pitching for Lynn Patriots : RHP Ryley Gore
Pitching: RHP Ryley Gore
Batting: LHB Brian Washington 0-0: Called Strike
0-1: Ball
1-1: Swinging Strike
1-2: Fly out, F8 (Line Drive, 8RM, EV 98.1 MPH)
Batting: LHB Jay Vurgun 0-0: Ball
1-0: Ball
2-0: Ball
3-0: Foul Ball, location: 2F
3-1: Called Strike
3-2: Base on Balls
Batting: LHB Billy Collins 0-0: Ball
1-0: Ball
2-0: Ball
3-0: Called Strike
3-1: Foul Ball, location: 2F
3-2: Fly out, F8 (Flyball, 8LXD, EV 104.4 MPH)
Batting: LHB Austin Anderson 0-0: Ball
1-0: Swinging Strike
1-1: SINGLE (Line Drive, 6MD, EV 97.5 MPH)
Jay Vurgun to second
Batting: RHB Mackey Ivo 0-0: Ball
1-0: Ground out 5-3 (Groundball, 5S, EV 71.9 MPH)
Bottom of the 1st over - 0 runs, 1 hit, 0 errors, 2 left on base; Lynn 2 - Moscow 0
TOP OF THE 2ND
Lynn Patriots batting - Pitching for Moscow Mules : RHP Rashaan Loomans
Batting: SHB Xavier Amaro 0-0: Swinging Strike
0-1: Ball
1-1: Ground out 4-3 (Groundball, 4, EV 80.0 MPH)
Batting: RHB O.K. Emelyantsev 0-0: Swinging Strike
0-1: Ground out 1-3 (Groundball, 34S, EV 60.0 MPH)
Batting: LHB Shan Waseem 0-0: Ball
1-0: Swinging Strike
1-1: Called Strike
1-2: Ball
2-2: Foul Ball, location: 2F
2-2: Ball
3-2: Base on Balls
Batting: LHB Neal McDonald 0-0: Called Strike
0-1: Foul Ball, location: 2F
0-2: Ball
Shan Waseem is caught stealing 2nd base 2-6
Top of the 2nd over - 0 runs, 0 hits, 0 errors, 0 left on base; Lynn 2 - Moscow 0
BOTTOM OF THE 2ND
Moscow Mules batting - Pitching for Lynn Patriots : RHP Ryley Gore
Batting: RHB DeAndrae Sainovic 0-0: Ball
1-0: Ball
2-0: Called Strike
2-1: Foul Ball, location: 2F
2-2: Ball
3-2: Strikes out swinging
Batting: RHB Bailey Madry 0-0: Foul Ball, location: 2F
0-1: Foul Ball, location: 2F
0-2: Ball
1-2: Hit by Pitch
Batting: RHB Cole Rega 0-0: Swinging Strike
0-1: Called Strike
0-2: Ball
1-2: Ball
2-2: Ball
3-2: Fielders Choice at 2nd, 6-4 (Groundball, 6, EV 86.9 MPH)
Batting: RHB Nic Muth 0-0: Called Strike
0-1: Ball
1-1: Ground out 6-3 (Groundball, 6S, EV 80.0 MPH)
Bottom of the 2nd over - 0 runs, 0 hits, 0 errors, 1 left on base; Lynn 2 - Moscow 0
TOP OF THE 3RD
Lynn Patriots batting - Pitching for Moscow Mules : RHP Rashaan Loomans
Batting: LHB Neal McDonald 0-0: Called Strike
0-1: Fly out, F7 (Flyball, 78M, EV 86.2 MPH)
Batting: RHB Isaac Murphy 0-0: Called Strike
0-1: Called Strike
0-2: Foul Ball, location: 2F
0-2: Foul Ball, location: 2F
0-2: SINGLE (Groundball, 56D, EV 111.2 MPH)
Batting: LHB Brandt Bagishaev 0-0: Ball
1-0: SINGLE (Groundball, 6D, EV 105.0 MPH)
Isaac Murphy to second
Batting: SHB J.J. Evans 0-0: Ball
1-0: Ball
2-0: Fly out, F8 (Flyball, 8RXD, EV 89.4 MPH)
Runner from 2nd tags up, SAFE at 3rd, no throw by CF
Batting: LHB Rashaun Harrington 0-0: Fly out, F9 (Flyball, 9S, EV 90.0 MPH)
Top of the 3rd over - 0 runs, 2 hits, 0 errors, 2 left on base; Lynn 2 - Moscow 0
BOTTOM OF THE 3RD
Moscow Mules batting - Pitching for Lynn Patriots : RHP Ryley Gore
Batting: LHB Brian Washington 0-0: Ball
1-0: Called Strike
1-1: Ground out 1-3 (Groundball, 13, EV 65.6 MPH)
Batting: LHB Jay Vurgun 0-0: Ball
1-0: Ball
2-0: Foul Ball, location: 2F
2-1: Foul Ball, location: 2F
2-2: Foul Ball, location: 2F
2-2: Ground out U3 (Groundball, 3L, EV 100.6 MPH)
Batting: LHB Billy Collins 0-0: Ball
1-0: Ball
2-0: Ball
3-0: Swinging Strike
3-1: Base on Balls
Batting: LHB Austin Anderson 0-0: Foul Ball, location: 2F
0-1: Ball
1-1: Ball
2-1: Fly out, F8 (Flyball, 8RS, EV 89.4 MPH)
Bottom of the 3rd over - 0 runs, 0 hits, 0 errors, 1 left on base; Lynn 2 - Moscow 0
TOP OF THE 4TH
Lynn Patriots batting - Pitching for Moscow Mules : RHP Rashaan Loomans
Batting: RHB Malik Donnell 0-0: Called Strike
0-1: Swinging Strike
0-2: Ball
1-2: Foul Ball, location: 2F
1-2: Strikes out swinging
Batting: SHB Xavier Amaro 0-0: Called Strike
0-1: Ball
1-1: Called Strike
1-2: Strikes out looking
Batting: RHB O.K. Emelyantsev 0-0: Ball
1-0: Called Strike
1-1: DOUBLE (Line Drive, 89D, EV 112.5 MPH)
Batting: LHB Shan Waseem 0-0: Ball
1-0: Called Strike
1-1: Called Strike
1-2: Ball
2-2: Ball
3-2: Foul Ball, location: 2F
3-2: Foul Ball, location: 2F
3-2: SINGLE (Line Drive, 89S, EV 101.2 MPH)
O.K. Emelyantsev to third
Runner from 3rd tries for Home, throw by RF and OUT! 9-2
Top of the 4th over - 0 runs, 2 hits, 0 errors, 1 left on base; Lynn 2 - Moscow 0
BOTTOM OF THE 4TH
Moscow Mules batting - Pitching for Lynn Patriots : RHP Ryley Gore
Batting: RHB Mackey Ivo 0-0: Called Strike
0-1: Fly out, F8 (Flyball, 8RD, EV 95.0 MPH)
Batting: RHB DeAndrae Sainovic 0-0: Ball
1-0: Ball
2-0: Called Strike
2-1: Hit by Pitch
Batting: RHB Bailey Madry 0-0: Foul Ball, location: 2F
0-1: Foul Ball, location: 2F
0-2: Strikes out looking
Batting: RHB Cole Rega 0-0: Swinging Strike
0-1: Foul Ball, location: 2F
0-2: Strikes out swinging
Bottom of the 4th over - 0 runs, 0 hits, 0 errors, 1 left on base; Lynn 2 - Moscow 0
TOP OF THE 5TH
Lynn Patriots batting - Pitching for Moscow Mules : RHP Rashaan Loomans
Batting: LHB Neal McDonald 0-0: Ball
1-0: Called Strike
1-1: Foul Ball, location: 2F
1-2: Foul Ball, location: 2F
1-2: Ground out 6-3 (Groundball, 6, EV 85.6 MPH)
Batting: RHB Isaac Murphy 0-0: Ball
1-0: Called Strike
1-1: SINGLE (Groundball, 34D, EV 97.5 MPH)
Batting: LHB Brandt Bagishaev 0-0: Swinging Strike
0-1: Ball
1-1: Foul Ball, location: 2F
1-2: Ball
2-2: 2-RUN HOME RUN (Flyball, 7D, EV 104.4 MPH), Distance : 391 ft
Batting: SHB J.J. Evans 0-0: Ball
1-0: Ball
2-0: Foul Ball, location: 2F
2-1: Foul Ball, location: 2F
2-2: Ball
3-2: Foul Ball, location: 2F
3-2: Foul Ball, location: 2F
3-2: Ground out 3-1 (Groundball, 34, EV 102.5 MPH)
Batting: LHB Rashaun Harrington 0-0: Called Strike
0-1: SOLO HOME RUN (Flyball, 89XD, EV 115.0 MPH), Distance : 419 ft
Pitching: RHP Cleshawn Topp
Batting: RHB Malik Donnell 0-0: Called Strike
0-1: Called Strike
0-2: Ball
1-2: SINGLE (Groundball, 6MS, EV 67.5 MPH) (infield hit)
Batting: SHB Xavier Amaro 0-0: Called Strike
Malik Donnell steals 2nd base
0-1: Ball
1-1: Foul Ball, location: 2F
1-2: Ball
2-2: SINGLE (Groundball, 34D, EV 102.5 MPH)
Malik Donnell to third
Runner from 3rd tries for Home, SAFE, throw by RF to home
Batting: RHB O.K. Emelyantsev 0-0: Ball
Pickoff Throw to First - Out! 1-3
Top of the 5th over - 4 runs, 5 hits, 0 errors, 0 left on base; Lynn 6 - Moscow 0
BOTTOM OF THE 5TH
Moscow Mules batting - Pitching for Lynn Patriots : RHP Ryley Gore
Batting: RHB Nic Muth 0-0: Ground out 5-3 (Groundball, 56, EV 81.2 MPH)
Batting: LHB Brian Washington 0-0: Ball
1-0: Called Strike
1-1: Foul Ball, location: 2F
1-2: Ground out 4-3 (Groundball, 4, EV 83.8 MPH)
Batting: LHB Jay Vurgun 0-0: Foul Ball, location: 2F
0-1: Reached on error, E4 (Groundball, 4M, EV 86.9 MPH)
Batting: LHB Billy Collins 0-0: Ball
1-0: Swinging Strike
1-1: Foul Ball, location: 2F
1-2: Ball
2-2: Ball
3-2: Foul Ball, location: 2F
3-2: Foul Ball, location: 2F
3-2: 2-RUN HOME RUN (Flyball, 89XD, EV 115.0 MPH), Distance : 439 ft
Batting: LHB Austin Anderson 0-0: Ball
1-0: Swinging Strike
1-1: Foul Ball, location: 2F
1-2: Ball
2-2: Fly out, F8 (Flyball, 8RS, EV 85.6 MPH)
Bottom of the 5th over - 2 runs, 1 hit, 1 error, 0 left on base; Lynn 6 - Moscow 2
TOP OF THE 6TH
Lynn Patriots batting - Pitching for Moscow Mules : RHP Cleshawn Topp
Batting: RHB O.K. Emelyantsev 0-0: Fly out, F9 (Flyball, 9D, EV 93.8 MPH)
Batting: LHB Shan Waseem 0-0: Ball
1-0: Called Strike
1-1: Called Strike
1-2: Strikes out swinging
Batting: LHB Neal McDonald 0-0: Ball
1-0: Ball
2-0: Called Strike
2-1: Called Strike
2-2: Ball
3-2: Foul Ball, location: 2F
3-2: Fly out, F7 (Line Drive, 7, EV 109.4 MPH)
Top of the 6th over - 0 runs, 0 hits, 0 errors, 0 left on base; Lynn 6 - Moscow 2
BOTTOM OF THE 6TH
Moscow Mules batting - Pitching for Lynn Patriots : RHP Ryley Gore
Pitching: LHP Nathan Swenson
Batting: RHB Mackey Ivo 0-0: Swinging Strike
0-1: Ball
1-1: Ground out 5-3 (Groundball, 5S, EV 84.4 MPH)
Batting: RHB DeAndrae Sainovic 0-0: Called Strike
0-1: Swinging Strike
0-2: Ball
1-2: Ball
2-2: Strikes out swinging
Batting: RHB Bailey Madry 0-0: Ball
1-0: Swinging Strike
1-1: Foul Ball, location: 2F
1-2: Ball
2-2: Foul Ball, location: 2F
2-2: Ball
3-2: Foul Ball, location: 2F
3-2: Strikes out swinging
Bottom of the 6th over - 0 runs, 0 hits, 0 errors, 0 left on base; Lynn 6 - Moscow 2
TOP OF THE 7TH
Lynn Patriots batting - Pitching for Moscow Mules : RHP Cleshawn Topp
Batting: RHB Isaac Murphy 0-0: Called Strike
0-1: Ground out 5-3 (Groundball, 56, EV 100.6 MPH)
Batting: LHB Brandt Bagishaev 0-0: Ball
1-0: DOUBLE (Groundball, 3L, EV 103.1 MPH)
Batting: SHB J.J. Evans 0-0: Ball
1-0: Ball
2-0: Foul Ball, location: 2F
2-1: Swinging Strike
2-2: Foul Ball, location: 2F
2-2: Foul Ball, location: 2F
2-2: Ground out U3 (Groundball, 3, EV 81.9 MPH)
Brandt Bagishaev to third
Batting: LHB Rashaun Harrington 0-0: Ball
1-0: Ball
2-0: Ball
3-0: Base on Balls
Batting: RHB Malik Donnell 0-0: Called Strike
0-1: Called Strike
0-2: Strikes out swinging
Top of the 7th over - 0 runs, 1 hit, 0 errors, 2 left on base; Lynn 6 - Moscow 2
BOTTOM OF THE 7TH
Moscow Mules batting - Pitching for Lynn Patriots : LHP Nathan Swenson
Batting: RHB Cole Rega 0-0: Ground out 5-3 (Groundball, 56, EV 86.2 MPH)
Batting: RHB Nic Muth 0-0: SINGLE (Groundball, 6MD, EV 95.0 MPH)
Batting: LHB Brian Washington 0-0: SINGLE (Line Drive, 3D, EV 99.4 MPH)
Nic Muth to second
Runner from 2nd tries for 3rd, SAFE, throw by RF made to third
Batting: LHB Jay Vurgun 0-0: Ball
1-0: Grounds into double play, 4-6-3 (Groundball, 4MS, EV 89.4 MPH)
Bottom of the 7th over - 0 runs, 2 hits, 0 errors, 1 left on base; Lynn 6 - Moscow 2
TOP OF THE 8TH
Lynn Patriots batting - Pitching for Moscow Mules : RHP Cleshawn Topp
Batting: SHB Xavier Amaro 0-0: Called Strike
0-1: Ball
1-1: Ball
2-1: Ball
3-1: Reached on error, E6 (Groundball, 4M, EV 103.8 MPH)
Pitching: LHP Kameron Saar
Batting: RHB O.K. Emelyantsev 0-0: Foul Ball, location: 2F
0-1: SINGLE (Groundball, 34D, EV 101.9 MPH)
Xavier Amaro to third
Batting: LHB Shan Waseem 0-0: Ball
O.K. Emelyantsev is caught stealing 2nd base 2-6
1-0: Foul Ball, location: 2F
1-1: Foul Ball, location: 2F
1-2: Ball
2-2: Fly out, F8 (Flyball, 78M, EV 91.9 MPH)
Batting: LHB Neal McDonald 0-0: Ball
1-0: Foul Ball, location: 2F
1-1: Ball
2-1: Swinging Strike
2-2: Foul Ball, location: 2F
2-2: Ground out 6-3 (Groundball, 6, EV 105.6 MPH)
Top of the 8th over - 0 runs, 1 hit, 1 error, 1 left on base; Lynn 6 - Moscow 2
BOTTOM OF THE 8TH
Moscow Mules batting - Pitching for Lynn Patriots : LHP Nathan Swenson
Batting: LHB Billy Collins 0-0: Ball
1-0: Ball
2-0: Ball
3-0: Called Strike
3-1: Fly out, F7 (Flyball, 7S, EV 78.1 MPH)
Batting: LHB Austin Anderson 0-0: Foul Ball, location: 2F
0-1: Ball
1-1: Foul Ball, location: 2F
1-2: Strikes out swinging
Pitching: RHP Blake Tippett
Batting: RHB Mackey Ivo 0-0: Foul Ball, location: 2F
0-1: Ball
1-1: Foul Ball, location: 2F
1-2: Strikes out swinging
Bottom of the 8th over - 0 runs, 0 hits, 0 errors, 0 left on base; Lynn 6 - Moscow 2
TOP OF THE 9TH
Lynn Patriots batting - Pitching for Moscow Mules : LHP Kameron Saar
Batting: RHB Isaac Murphy 0-0: Ball
1-0: Called Strike
1-1: Called Strike
1-2: Ball
2-2: Foul Ball, location: 2F
2-2: Strikes out looking
Batting: LHB Brandt Bagishaev 0-0: Called Strike
0-1: Ball
1-1: Foul Ball, location: 2F
1-2: Foul Ball, location: 2F
1-2: Foul Ball, location: 2F
1-2: Ball
2-2: Foul Ball, location: 2F
2-2: Strikes out swinging
Batting: SHB J.J. Evans 0-0: Ball
1-0: Ground out 5-3 (Groundball, 56, EV 103.8 MPH)
Top of the 9th over - 0 runs, 0 hits, 0 errors, 0 left on base; Lynn 6 - Moscow 2
BOTTOM OF THE 9TH
Moscow Mules batting - Pitching for Lynn Patriots : RHP Blake Tippett
Batting: RHB DeAndrae Sainovic 0-0: Foul Ball, location: 2F
0-1: Swinging Strike
0-2: Ball
1-2: Strikes out swinging
Batting: RHB Bailey Madry 0-0: Called Strike
0-1: Ball
1-1: Foul Ball, location: 2F
1-2: Ball
2-2: Ball
3-2: Strikes out looking
Batting: RHB Cole Rega 0-0: Foul Ball, location: 2F
0-1: Called Strike
0-2: Strikes out swinging
Bottom of the 9th over - 0 runs, 0 hits, 0 errors, 0 left on base; Lynn 6 - Moscow 2
Friday, May 3rd , 2024 - OOTP Baseball 23.10 Build 110